[ AOE2 MATCH · #463201010 ]
UnrankedMalay vs Wu
[ REPLAY ANALYSIS · EXTRACTED FROM THE RECORDED GAME ]
Feudal
9:38
Castle
22:03
Imperial
—
| APM avg | 71.3 |
| APM peak | 113 |
| eAPM avg | 28.5 |
| Villagers / military | 88 / 62 |
Focus
⚔️ 31.5% · 🌾 68.5%
Archer ×37 · Militia ×20 · Spearman ×5
Feudal
9:52
Castle
22:39
Imperial
—
| APM avg | 55.0 |
| APM peak | 111 |
| eAPM avg | 18.1 |
| Villagers / military | 50 / 38 |
Focus
⚔️ 36.7% · 🌾 63.3%
Militia ×33 · Spearman ×5
Feudal
9:34
Castle
20:05
Imperial
—
| APM avg | 33.6 |
| APM peak | 71 |
| eAPM avg | 10.9 |
| Villagers / military | 46 / 7 |
Focus
⚔️ 22.7% · 🌾 77.3%
Unknown (1974) ×45 · Scout Cavalry ×6 · Monk ×1
Feudal
21:28
Castle
—
Imperial
—
| APM avg | 46.8 |
| APM peak | 100 |
| eAPM avg | 19.4 |
| Villagers / military | 62 / 26 |
Focus
⚔️ 23.9% · 🌾 76.1%
Archer ×19 · Militia ×4 · Skirmisher ×3
Match map
Initial resources + every placement click. Lines = walls · curves = elevation contours. ◆ gold · ⬟ stone · ● berries · ✦ relic · ◌ wall gap
Your base· Open — unwalled flank
applet's base· Open — unwalled flank
Frozen - Hot Pepper Pizza's base· Open — unwalled flank
GoldRoger's base· Open — unwalled flank
Smoothed initial terrain · ◌ = detected wall gap · hover for details
Inputs per minute
— sguu - - applet
Build order — sguu
First 150 of 237 actions detected
| 0:00 | Create | Villager (Male) |
| 0:00 | Create | Villager (Male) |
| 0:02 | Build | House |
| 0:03 | Build | House |
| 0:05 | Create | Villager (Male) |
| 0:06 | Create | Villager (Male) |
| 0:06 | Create | Villager (Male) |
| 1:29 | Create | Villager (Male) |
| 1:56 | Create | Villager (Male) |
| 2:25 | Create | Villager (Male) |
| 2:35 | Build | Lumber Camp |
| 2:43 | Create | Villager (Male) |
| 3:03 | Create | Villager (Male) |
| 3:03 | Create | Villager (Male) |
| 3:39 | Build | House |
| 3:40 | Create | Villager (Male) |
| 3:55 | Create | Villager (Male) |
| 4:01 | Create | Villager (Male) |
| 4:01 | Create | Villager (Male) |
| 4:02 | Create | Villager (Male) |
| 4:18 | Build | House |
| 4:34 | Create | Villager (Male) |
| 4:35 | Create | Villager (Male) |
| 5:54 | Create | Villager (Male) |
| 5:56 | Create | Villager (Male) |
| 6:46 | Build | Barracks |
| 6:50 | Create | Villager (Male) |
| 7:19 | Create | Villager (Male) |
| 7:21 | Research | Loom |
| 7:40 | Build | Mill |
| 8:12 | Research | Feudal Age |
| 8:12 | Research | Feudal Age |
| 8:57 | Create | Villager (Male) |
| 9:02 | Build | Mining Camp |
| 9:22 | Create | Villager (Male) |
| 9:27 | Build | House |
| 9:27 | Build | House |
| 9:38 | Age | Feudal Age |
| 9:42 | Build | Archery Range |
| 9:48 | Create | Villager (Male) |
| 10:00 | Build | Farm |
| 10:01 | Research | Double-Bit Axe |
| 10:08 | Build | Farm |
| 10:21 | Create | Archer |
| 10:31 | Create | Villager (Male) |
| 10:31 | Create | Archer |
| 10:40 | Build | Farm |
| 11:06 | Create | Spearman |
| 11:10 | Build | Farm |
| 11:10 | Create | Archer |
| 11:19 | Create | Spearman |
| 11:24 | Build | House |
| 11:27 | Build | House |
| 11:32 | Build | House |
| 11:33 | Build | Palisade Wall |
| 11:36 | Build | House |
| 11:38 | Build | House |
| 11:50 | Build | House |
| 12:00 | Create | Villager (Male) |
| 12:01 | Create | Villager (Male) |
| 12:16 | Create | Villager (Male) |
| 12:29 | Create | Archer |
| 12:36 | Build | Farm |
| 12:37 | Create | Villager (Male) |
| 13:11 | Create | Archer |
| 13:12 | Create | Archer |
| 13:12 | Create | Archer |
| 13:14 | Create | Villager (Male) |
| 13:16 | Create | Villager (Male) |
| 13:26 | Create | Villager (Male) |
| 13:31 | Build | Blacksmith |
| 13:34 | Create | Archer |
| 13:34 | Create | Archer |
| 13:44 | Build | House |
| 13:45 | Build | House |
| 13:52 | Create | Villager (Male) |
| 13:59 | Create | Archer |
| 13:59 | Create | Villager (Male) |
| 14:13 | Build | Farm |
| 14:17 | Create | Archer |
| 14:18 | Create | Villager (Male) |
| 14:32 | Create | Archer |
| 14:37 | Create | Villager (Male) |
| 14:43 | Build | Farm |
| 14:44 | Create | Villager (Male) |
| 14:50 | Build | Farm |
| 14:51 | Create | Archer |
| 14:54 | Research | Fletching |
| 14:55 | Research | Fletching |
| 14:55 | Create | Archer |
| 15:13 | Create | Archer |
| 15:13 | Create | Villager (Male) |
| 15:14 | Create | Villager (Male) |
| 15:14 | Create | Villager (Male) |
| 15:18 | Build | Farm |
| 15:27 | Create | Archer |
| 15:36 | Build | Farm |
| 15:36 | Create | Villager (Male) |
| 15:48 | Create | Spearman |
| 15:49 | Create | Villager (Male) |
| 15:50 | Create | Villager (Male) |
| 15:52 | Build | Farm |
| 16:03 | Create | Archer |
| 16:10 | Create | Spearman |
| 16:18 | Build | Palisade Wall |
| 16:19 | Create | Archer |
| 16:25 | Create | Archer |
| 16:31 | Create | Villager (Male) |
| 16:42 | Build | Farm |
| 16:45 | Create | Archer |
| 16:46 | Create | Villager (Male) |
| 17:18 | Create | Archer |
| 17:20 | Create | Spearman |
| 17:24 | Build | Palisade Wall |
| 17:33 | Create | Villager (Male) |
| 17:36 | Create | Villager (Male) |
| 17:37 | Create | Villager (Male) |
| 17:37 | Create | Villager (Male) |
| 17:39 | Create | Villager (Male) |
| 17:54 | Create | Villager (Male) |
| 18:01 | Create | Villager (Male) |
| 18:07 | Build | Farm |
| 18:09 | Build | Farm |
| 18:14 | Create | Villager (Male) |
| 18:34 | Create | Villager (Male) |
| 18:36 | Build | House |
| 18:42 | Build | Farm |
| 18:43 | Build | Farm |
| 18:53 | Build | Farm |
| 19:15 | Create | Villager (Male) |
| 19:18 | Build | Farm |
| 19:18 | Build | Farm |
| 19:57 | Build | Farm |
| 19:58 | Build | Farm |
| 20:13 | Create | Archer |
| 20:13 | Create | Archer |
| 20:18 | Build | Outpost |
| 20:27 | Research | Castle Age |
| 20:28 | Research | Castle Age |
| 20:29 | Create | Archer |
| 20:29 | Create | Archer |
| 20:39 | Create | Archer |
| 20:50 | Build | House |
| 21:20 | Build | Farm |
| 21:23 | Build | Farm |
| 21:27 | Create | Archer |
| 21:31 | Build | House |
| 21:43 | Create | Villager (Male) |
| 21:54 | Create | Villager (Male) |
| 21:58 | Research | Wheelbarrow |
Build order — applet
First 150 of 173 actions detected
| 0:00 | Create | Villager (Male) |
| 0:00 | Create | Villager (Male) |
| 0:02 | Build | House |
| 0:03 | Build | House |
| 0:19 | Create | Villager (Male) |
| 0:30 | Create | Villager (Male) |
| 1:31 | Create | Villager (Male) |
| 2:13 | Create | Villager (Male) |
| 2:27 | Build | Lumber Camp |
| 2:36 | Create | Villager (Male) |
| 2:36 | Create | Villager (Male) |
| 2:55 | Create | Villager (Male) |
| 3:21 | Build | House |
| 3:32 | Create | Villager (Male) |
| 3:32 | Create | Villager (Male) |
| 3:33 | Create | Villager (Male) |
| 4:41 | Create | Villager (Male) |
| 4:51 | Build | House |
| 5:03 | Create | Villager (Male) |
| 5:26 | Build | Mill |
| 5:31 | Create | Villager (Male) |
| 5:51 | Create | Villager (Male) |
| 6:19 | Create | Villager (Male) |
| 6:45 | Create | Villager (Male) |
| 6:46 | Research | Loom |
| 7:25 | Build | Palisade Wall |
| 7:34 | Build | Farm |
| 7:40 | Research | Feudal Age |
| 8:22 | Build | Barracks |
| 8:42 | Create | Villager (Male) |
| 9:20 | Create | Militia |
| 9:21 | Create | Militia |
| 9:42 | Build | Mining Camp |
| 9:45 | Create | Militia |
| 9:52 | Age | Feudal Age |
| 9:54 | Create | Militia |
| 10:04 | Build | Farm |
| 10:08 | Build | Farm |
| 10:22 | Create | Villager (Male) |
| 10:27 | Build | House |
| 10:38 | Build | Blacksmith |
| 10:41 | Create | Villager (Male) |
| 11:07 | Research | Man-at-Arms (upgrade) |
| 11:10 | Build | House |
| 11:17 | Create | Villager (Male) |
| 11:24 | Build | House |
| 11:55 | Build | Farm |
| 11:58 | Build | Farm |
| 12:12 | Build | House |
| 12:42 | Create | Villager (Male) |
| 12:45 | Build | Farm |
| 13:06 | Create | Spearman |
| 13:12 | Build | Farm |
| 13:26 | Create | Spearman |
| 13:54 | Create | Villager (Male) |
| 14:14 | Build | Palisade Wall |
| 14:16 | Create | Villager (Male) |
| 14:21 | Create | Villager (Male) |
| 14:31 | Build | Palisade Gate |
| 14:33 | Build | Palisade Gate |
| 14:35 | Build | Palisade Gate |
| 14:39 | Build | Palisade Gate |
| 14:46 | Create | Militia |
| 14:51 | Build | Farm |
| 14:53 | Build | Farm |
| 15:18 | Build | Palisade Wall |
| 15:19 | Build | Palisade Wall |
| 15:19 | Create | Villager (Male) |
| 15:24 | Build | Farm |
| 16:05 | Create | Villager (Male) |
| 16:06 | Create | Villager (Male) |
| 16:17 | Build | Palisade Wall |
| 16:40 | Create | Spearman |
| 16:40 | Create | Spearman |
| 16:42 | Build | House |
| 16:45 | Build | House |
| 16:47 | Build | House |
| 16:48 | Build | House |
| 16:49 | Build | Palisade Wall |
| 16:50 | Build | Palisade Wall |
| 16:52 | Build | Palisade Wall |
| 16:58 | Create | Villager (Male) |
| 17:25 | Build | House |
| 17:28 | Build | House |
| 17:45 | Build | Farm |
| 17:51 | Research | Double-Bit Axe |
| 17:57 | Create | Villager (Male) |
| 17:57 | Create | Villager (Male) |
| 18:07 | Create | Villager (Male) |
| 18:23 | Create | Spearman |
| 18:38 | Build | Palisade Wall |
| 18:56 | Build | Market |
| 18:59 | Create | Villager (Male) |
| 19:43 | Build | Farm |
| 19:51 | Build | Farm |
| 19:59 | Research | Castle Age |
| 20:08 | Build | Barracks |
| 20:10 | Build | House |
| 20:21 | Research | Scale Mail Armor |
| 21:00 | Research | Horse Collar |
| 21:24 | Build | Lumber Camp |
| 21:28 | Create | Militia |
| 21:28 | Create | Militia |
| 21:39 | Build | Farm |
| 21:47 | Create | Militia |
| 21:47 | Create | Militia |
| 21:47 | Create | Villager (Male) |
| 22:09 | Build | House |
| 22:10 | Build | House |
| 22:12 | Create | Militia |
| 22:12 | Create | Militia |
| 22:26 | Research | Forging |
| 22:39 | Age | Castle Age |
| 22:48 | Create | Militia |
| 22:49 | Create | Militia |
| 22:51 | Create | Militia |
| 22:53 | Research | Long Swordsman (upgrade) |
| 23:21 | Research | Squires |
| 23:22 | Create | Militia |
| 23:23 | Create | Militia |
| 23:58 | Create | Villager (Male) |
| 23:58 | Create | Villager (Male) |
| 24:18 | Create | Villager (Male) |
| 24:18 | Create | Villager (Male) |
| 24:27 | Build | Town Center |
| 24:41 | Research | Chain Mail Armor |
| 24:44 | Create | Militia |
| 24:44 | Create | Militia |
| 24:54 | Create | Militia |
| 25:03 | Create | Villager (Male) |
| 25:15 | Create | Militia |
| 25:15 | Create | Militia |
| 25:31 | Create | Militia |
| 25:31 | Create | Militia |
| 26:02 | Create | Militia |
| 26:02 | Create | Militia |
| 26:11 | Create | Villager (Male) |
| 26:13 | Build | Farm |
| 26:19 | Create | Militia |
| 26:20 | Create | Militia |
| 26:31 | Build | Farm |
| 26:31 | Create | Villager (Male) |
| 26:32 | Create | Villager (Male) |
| 26:51 | Build | Farm |
| 27:18 | Create | Villager (Male) |
| 27:19 | Create | Villager (Male) |
| 27:20 | Create | Militia |
| 27:20 | Create | Militia |
| 27:25 | Build | Farm |
| 27:27 | Build | Farm |
Build order — Frozen - Hot Pepper Pizza
141 actions detected in the replay
| 0:01 | Create | Villager (Male) |
| 0:01 | Create | Villager (Male) |
| 0:02 | Build | House |
| 0:04 | Build | House |
| 0:14 | Create | Villager (Male) |
| 0:15 | Create | Villager (Male) |
| 1:29 | Create | Villager (Male) |
| 1:50 | Create | Villager (Male) |
| 1:50 | Create | Villager (Male) |
| 2:28 | Build | Lumber Camp |
| 2:56 | Create | Villager (Male) |
| 3:19 | Create | Villager (Male) |
| 3:19 | Create | Villager (Male) |
| 3:50 | Create | Villager (Male) |
| 3:50 | Create | Villager (Male) |
| 4:59 | Build | Mill |
| 5:01 | Build | House |
| 5:07 | Research | Loom |
| 5:08 | Create | Villager (Male) |
| 5:08 | Create | Villager (Male) |
| 5:09 | Create | Villager (Male) |
| 5:38 | Create | Villager (Male) |
| 5:38 | Create | Villager (Male) |
| 7:24 | Research | Feudal Age |
| 7:50 | Build | Barracks |
| 7:52 | Build | House |
| 9:10 | Create | Villager (Male) |
| 9:10 | Create | Villager (Male) |
| 9:34 | Age | Feudal Age |
| 9:37 | Build | Stable |
| 9:42 | Research | Double-Bit Axe |
| 9:50 | Build | Palisade Wall |
| 10:13 | Create | Scout Cavalry |
| 10:13 | Create | Scout Cavalry |
| 10:14 | Create | Scout Cavalry |
| 10:17 | Create | Villager (Male) |
| 10:23 | Research | Horse Collar |
| 10:34 | Build | House |
| 10:41 | Build | Farm |
| 10:57 | Create | Villager (Male) |
| 10:57 | Create | Villager (Male) |
| 11:00 | Build | Farm |
| 11:30 | Create | Villager (Male) |
| 11:32 | Create | Scout Cavalry |
| 11:35 | Build | Farm |
| 12:08 | Create | Villager (Male) |
| 12:12 | Build | Farm |
| 12:14 | Build | Farm |
| 12:23 | Build | Mining Camp |
| 12:25 | Create | Villager (Male) |
| 13:26 | Create | Villager (Male) |
| 13:26 | Create | Villager (Male) |
| 13:30 | Build | Farm |
| 13:33 | Build | Farm |
| 14:00 | Build | Farm |
| 14:04 | Build | Farm |
| 14:07 | Create | Scout Cavalry |
| 14:07 | Create | Scout Cavalry |
| 14:17 | Build | Farm |
| 14:20 | Create | Villager (Male) |
| 14:20 | Create | Villager (Male) |
| 14:23 | Build | House |
| 14:25 | Build | House |
| 14:39 | Build | House |
| 14:42 | Build | House |
| 14:57 | Build | Farm |
| 15:00 | Build | Farm |
| 15:09 | Build | Farm |
| 15:12 | Build | Farm |
| 15:18 | Build | Market |
| 16:10 | Create | Villager (Male) |
| 16:11 | Create | Villager (Male) |
| 16:15 | Build | Farm |
| 16:16 | Build | Farm |
| 16:26 | Build | Farm |
| 17:25 | Research | Castle Age |
| 18:26 | Build | Barracks |
| 18:34 | Build | Blacksmith |
| 18:48 | Build | House |
| 19:13 | Create | Villager (Male) |
| 19:13 | Create | Villager (Male) |
| 19:19 | Research | Scale Mail Armor |
| 19:20 | Research | Forging |
| 20:05 | Age | Castle Age |
| 20:06 | Create | Unit 1974 |
| 20:06 | Create | Unit 1974 |
| 20:07 | Create | Unit 1974 |
| 20:07 | Create | Unit 1974 |
| 20:09 | Create | Villager (Male) |
| 20:09 | Create | Villager (Male) |
| 20:17 | Research | Chain Mail Armor |
| 20:43 | Build | Farm |
| 21:00 | Create | Unit 1974 |
| 21:00 | Create | Unit 1974 |
| 21:02 | Create | Villager (Male) |
| 21:02 | Create | Villager (Male) |
| 21:14 | Create | Villager (Male) |
| 21:14 | Create | Villager (Male) |
| 21:23 | Build | Monastery |
| 21:27 | Build | Mining Camp |
| 21:31 | Build | Farm |
| 21:41 | Create | Unit 1974 |
| 21:42 | Create | Unit 1974 |
| 21:45 | Research | Squires |
| 21:50 | Create | Villager (Male) |
| 22:15 | Create | Villager (Male) |
| 22:28 | Create | Unit 1974 |
| 22:28 | Create | Unit 1974 |
| 23:21 | Create | Unit 1974 |
| 23:21 | Create | Unit 1974 |
| 23:23 | Create | Villager (Male) |
| 23:23 | Create | Villager (Male) |
| 23:24 | Create | Villager (Male) |
| 23:34 | Create | Monk |
| 24:10 | Create | Unit 1974 |
| 24:10 | Create | Unit 1974 |
| 24:54 | Create | Unit 1974 |
| 24:54 | Create | Unit 1974 |
| 24:54 | Create | Unit 1974 |
| 24:54 | Create | Unit 1974 |
| 24:58 | Build | House |
| 25:00 | Build | House |
| 25:46 | Create | Unit 1974 ×5 |
| 25:47 | Create | Unit 1974 |
| 26:01 | Build | Barracks |
| 26:09 | Create | Villager (Male) |
| 26:09 | Create | Villager (Male) |
| 26:19 | Create | Unit 1974 |
| 26:19 | Create | Unit 1974 |
| 26:19 | Create | Unit 1974 |
| 26:44 | Research | Iron Casting |
| 26:55 | Create | Unit 1974 ×4 |
| 26:55 | Create | Unit 1974 ×4 |
| 27:05 | Build | Barracks |
| 27:06 | Build | Farm |
| 27:10 | Build | Farm |
| 27:41 | Build | Farm |
| 27:43 | Build | Farm |
| 27:50 | Build | Farm |
| 28:00 | Create | Unit 1974 ×5 |
| 28:01 | Create | Unit 1974 ×5 |
Build order — GoldRoger
143 actions detected in the replay
| 0:00 | Create | Villager (Male) |
| 0:01 | Create | Villager (Male) |
| 0:01 | Create | Villager (Male) |
| 0:02 | Build | House |
| 0:03 | Build | House |
| 0:09 | Create | Villager (Male) |
| 0:10 | Create | Villager (Male) |
| 1:35 | Create | Villager (Male) |
| 1:35 | Create | Villager (Male) |
| 2:01 | Create | Villager (Male) |
| 2:28 | Create | Villager (Male) |
| 2:51 | Create | Villager (Male) |
| 3:19 | Create | Villager (Male) |
| 3:20 | Create | Villager (Male) |
| 3:36 | Build | Mill |
| 3:55 | Create | Villager (Male) |
| 4:23 | Create | Villager (Male) |
| 5:05 | Create | Villager (Male) |
| 5:05 | Create | Villager (Male) |
| 5:05 | Create | Villager (Male) |
| 5:26 | Create | Villager (Male) |
| 5:26 | Create | Villager (Male) |
| 5:26 | Create | Villager (Male) |
| 5:27 | Create | Villager (Male) |
| 5:59 | Build | House |
| 6:18 | Create | Villager (Male) |
| 7:00 | Create | Villager (Male) |
| 7:08 | Build | Barracks |
| 7:15 | Build | Palisade Wall |
| 7:17 | Build | Palisade Wall |
| 7:18 | Build | Palisade Wall |
| 7:21 | Create | Villager (Male) |
| 7:39 | Create | Villager (Male) |
| 7:42 | Research | Loom |
| 7:52 | Build | House |
| 7:55 | Create | Militia |
| 7:55 | Create | Militia |
| 8:10 | Create | Villager (Male) |
| 8:12 | Create | Villager (Male) |
| 8:17 | Create | Militia |
| 8:17 | Create | Militia |
| 8:35 | Create | Villager (Male) |
| 8:58 | Create | Villager (Male) |
| 9:04 | Create | Villager (Male) |
| 9:05 | Create | Villager (Male) |
| 9:05 | Create | Villager (Male) |
| 9:14 | Create | Villager (Male) |
| 9:29 | Create | Villager (Male) |
| 10:05 | Create | Villager (Male) |
| 10:07 | Build | House |
| 11:03 | Create | Villager (Male) |
| 11:48 | Create | Villager (Male) |
| 12:12 | Build | Farm |
| 12:16 | Create | Villager (Male) |
| 12:46 | Build | Mining Camp |
| 13:07 | Create | Villager (Male) |
| 13:13 | Build | Lumber Camp |
| 13:14 | Create | Villager (Male) |
| 14:04 | Create | Villager (Male) |
| 14:15 | Build | Farm |
| 14:18 | Build | Farm |
| 14:36 | Build | House |
| 14:41 | Build | Farm |
| 14:48 | Create | Villager (Male) |
| 14:56 | Build | Farm |
| 15:13 | Build | Farm |
| 15:22 | Build | House |
| 15:26 | Build | House |
| 15:31 | Build | Palisade Wall |
| 15:38 | Build | Palisade Wall |
| 15:41 | Create | Villager (Male) |
| 16:14 | Build | House |
| 16:14 | Build | House |
| 16:29 | Create | Villager (Male) |
| 16:33 | Build | House |
| 16:34 | Build | House |
| 16:36 | Create | Villager (Male) |
| 17:18 | Create | Villager (Male) |
| 17:36 | Create | Villager (Male) |
| 17:42 | Build | Farm |
| 17:50 | Create | Villager (Male) |
| 18:13 | Build | Farm |
| 18:24 | Build | Farm |
| 19:12 | Build | Mining Camp |
| 19:18 | Research | Feudal Age |
| 19:24 | Build | Lumber Camp |
| 19:30 | Build | Palisade Wall |
| 19:32 | Build | Palisade Wall |
| 19:47 | Build | Farm |
| 19:57 | Build | House |
| 19:58 | Build | House |
| 20:24 | Build | Farm |
| 20:25 | Create | Villager (Male) |
| 20:39 | Build | House |
| 20:55 | Create | Villager (Male) |
| 21:14 | Create | Villager (Male) |
| 21:28 | Age | Feudal Age |
| 21:30 | Build | Market |
| 21:37 | Build | Archery Range |
| 21:38 | Create | Villager (Male) |
| 22:00 | Create | Villager (Male) |
| 22:03 | Build | Blacksmith |
| 22:32 | Create | Skirmisher |
| 22:33 | Create | Skirmisher |
| 22:34 | Create | Villager (Male) |
| 22:53 | Create | Archer |
| 22:53 | Create | Archer |
| 22:53 | Create | Archer |
| 23:05 | Create | Villager (Male) |
| 23:15 | Build | Archery Range |
| 23:17 | Create | Skirmisher |
| 23:35 | Create | Archer |
| 23:42 | Research | Fletching |
| 23:54 | Create | Archer |
| 23:54 | Create | Archer |
| 24:07 | Create | Archer |
| 24:08 | Create | Villager (Male) |
| 24:17 | Build | House |
| 24:18 | Build | House |
| 24:28 | Create | Archer |
| 24:28 | Create | Archer |
| 24:39 | Create | Villager (Male) |
| 25:01 | Build | Farm |
| 25:08 | Create | Archer |
| 25:08 | Create | Archer |
| 25:16 | Create | Archer |
| 25:38 | Build | Archery Range |
| 26:05 | Create | Archer |
| 26:06 | Create | Archer |
| 26:13 | Create | Villager (Male) |
| 26:15 | Build | Mining Camp |
| 26:16 | Create | Villager (Male) |
| 26:22 | Build | Farm |
| 26:25 | Create | Villager (Male) |
| 26:52 | Create | Archer |
| 26:52 | Create | Archer |
| 27:03 | Build | Farm |
| 27:03 | Build | Farm |
| 27:16 | Create | Villager (Male) |
| 27:41 | Create | Archer |
| 27:41 | Create | Archer |
| 27:41 | Create | Archer |
| 27:42 | Create | Villager (Male) |
Match timeline
| 6:46 | sguu · first_building Barracks |
| 7:08 | GoldRoger · first_building Barracks |
| 7:15 | GoldRoger · wall_segment Palisade Wall x1 |
| 7:17 | GoldRoger · wall_segment Palisade Wall x1 |
| 7:18 | GoldRoger · wall_segment Palisade Wall x1 |
| 7:25 | applet · wall_segment Palisade Wall x6 |
| 7:50 | Frozen - Hot Pepper Pizza · first_building Barracks |
| 8:22 | applet · first_building Barracks |
| 9:34 | Frozen - Hot Pepper Pizza · age_up feudal |
| 9:37 | Frozen - Hot Pepper Pizza · first_building Stable |
| 9:38 | sguu · age_up feudal |
| 9:42 | sguu · first_building Archery Range |
| 9:50 | Frozen - Hot Pepper Pizza · wall_segment Palisade Wall x1 |
| 9:52 | applet · age_up feudal |
| 11:33 | sguu · wall_segment Palisade Wall x1 |
| 14:14 | applet · wall_segment Palisade Wall x13 |
| 15:18 | applet · wall_segment Palisade Wall x1 |
| 15:19 | applet · wall_segment Palisade Wall x1 |
| 15:31 | GoldRoger · wall_segment Palisade Wall x6 |
| 15:38 | GoldRoger · wall_segment Palisade Wall x4 |
| 16:17 | applet · wall_segment Palisade Wall x7 |
| 16:18 | sguu · wall_segment Palisade Wall x1 |
| 16:28 | Frozen - Hot Pepper Pizza · first_market_sell 500 stone |
| 16:28 | Frozen - Hot Pepper Pizza · first_market_buy 100 food |
| 16:49 | applet · wall_segment Palisade Wall x1 |
| 16:50 | applet · wall_segment Palisade Wall x1 |
| 16:52 | applet · wall_segment Palisade Wall x1 |
| 17:24 | sguu · wall_segment Palisade Wall x1 |
| 18:38 | applet · wall_segment Palisade Wall x1 |
| 19:30 | GoldRoger · wall_segment Palisade Wall x1 |
| 19:32 | GoldRoger · wall_segment Palisade Wall x1 |
| 19:56 | applet · first_market_buy 100 food |
| 20:05 | Frozen - Hot Pepper Pizza · age_up castle |
| 21:23 | Frozen - Hot Pepper Pizza · first_building Monastery |
| 21:28 | GoldRoger · age_up feudal |
| 21:37 | GoldRoger · first_building Archery Range |
| 22:03 | sguu · age_up castle |
| 22:39 | applet · age_up castle |
| 23:08 | GoldRoger · first_market_sell 100 wood |
| 23:12 | GoldRoger · first_market_buy 100 wood |
| 27:43 | applet · first_building Monastery |
| 29:05 | Frozen - Hot Pepper Pizza · resign |
[ AI ANALYSIS · 1 CREDIT ]
What really happened in this match?
Wolo.gg analyzes every decision: build order, eco, micro, common mistakes by bracket. Personalized analysis on WhatsApp or Discord in 30 seconds.
Civ guide
Malay
Perfil
Jugador #2917410